 Dungeon Crawl Stone Soup version 0.31-a0-1447-g87ca8d402b (webtiles) character file.

Game seed: 10316601358303668932

10910 dohliylev the Grappler (level 11, -3/101 HPs)
             Began as a Troll Berserker on Dec 27, 2023.
             Was a High Priest of Trog.
             Succumbed to a green ugly thing's poison
             ... on level 11 of the Dungeon.
             The game lasted 00:18:47 (6688 turns).

dohliylev the Grappler (Troll Berserker)            Turns: 6688, Time: 00:18:48

Health: -3/101     AC: 16    Str: 31    XL:     11   Next: 42%
Magic:  10/10      EV: 18    Int:  3    God:    Trog [*****.]
Gold:   617        SH:  8    Dex:  9    Spells: 10/10 levels left

rFire   x .          .
                       - Unarmed
rCold   + + .        r - +0 kite shield
rNeg    . . .        t - +3 ice dragon scales
rPois   .            (helmet restricted)
rElec   .            h - +0 cloak
rCorr   .            (gloves unavailable)
SInv    .            (boots unavailable)
Will    ++...        (no amulet) Stlth
                     A - +5 ring of evasion
HPRegen 2.16/turn    n - +5 ring of evasion
MPRegen 0.12/turn

%: no passive effects
@: lethally poisoned (-3 -> -14), about to teleport, strong-willed, on berserk
cooldown, regenerating, slowed, very slow
A: large, unfitting armour, claws 3, regeneration 1, shaggy fur 1, tough skin 1
a: Renounce Religion, Berserk, Trog's Hand, Brothers in Arms


You were on level 11 of the Dungeon.
You worshipped Trog.
Trog was extremely pleased with you.
You visited 1 branch of the dungeon, and saw 11 of its levels.
You also visited: Sewer.

You collected 617 gold pieces.

Inventory:

Missiles
 b - 11 poisoned darts (quivered)
 y - 2 throwing nets
Armour
 h - a +0 cloak (worn)
 q - +0 steam dragon scales
 r - a +0 kite shield (worn)
 t - +3 ice dragon scales (worn)
Jewellery
 e - an amulet of the acrobat
 f - a ring of protection from fire
 m - a ring of positive energy
 n - a +5 ring of evasion (right claw)
 A - a +5 ring of evasion (left claw)
 C - an amulet of guardian spirit
Wands
 a - a wand of iceblast (8)
 j - a wand of acid (1)
Scrolls
 d - 9 scrolls of teleportation
 g - 3 scrolls of fog
 p - a scroll of identify
 v - a scroll of immolation {unknown}
 B - a scroll of vulnerability
Potions
 c - 4 potions of curing {unknown}
 i - 5 potions of might {unknown}
 k - 2 potions of enlightenment {unknown}
 l - a potion of ambrosia {unknown}
 o - a potion of resistance
 s - 4 potions of mutation {unknown}
 u - 2 potions of lignification {unknown}
 w - 3 potions of heal wounds {unknown}
 x - 3 potions of degeneration {unknown}
 z - a potion of berserk rage {unknown}


   Skills:
 + Level 4.6 Fighting
 + Level 1.7 Throwing
 + Level 3.0 Armour
 + Level 6.8 Dodging
 + Level 3.9 Shields
 + Level 14.6 Unarmed Combat


You had 10 spell levels left.
You didn't know any spells.
Your spell library was empty.

Dungeon Overview and Level Annotations

Branches:
Dungeon (11/15)            Temple (0/1) D:7            Lair (0/5) D:11
  Sewer (visited)
    Orc: D:9-12

Altars:
Ashenzari
Cheibriados
Trog
Vehumet
Zin

Shops:
D:8 (   D:9 !

Annotations:
D:6 2 transporters
D:7 2 transporters
D:11 Lodul


Innate Abilities, Weirdness & Mutations

You are too large for most types of armour.
You have claws for hands.
Your natural rate of healing is unusually fast.
You are covered in fur. (AC +1)
You have tough skin. (AC +1)


Message History

Things that are here:
a +0 spear; the +0 leather armour of the Tundras {rCorr Int+2} You feel sick.
The green ugly thing attacks as it pursues you!
The green ugly thing kicks you.
You are more poisoned.
The green ugly thing poisons you!
Electricity crackles from Lodul's apparatus.
The bolt of lightning misses you.
Your skin crawls.
You feel strong-willed.
You feel extremely sick. The green ugly thing misses you.
You block the green ugly thing's attack.
You claw the green ugly thing!
The green ugly thing is moderately wounded.
You feel extremely sick. The green ugly thing kicks you.
You are lethally poisoned!
The green ugly thing poisons you!
You eviscerate the green ugly thing!!!
The green ugly thing is almost dead.
* * * LOW HITPOINT WARNING * * *
You feel extremely sick.
You block the green ugly thing's attack.
You claw the green ugly thing!
You kill the green ugly thing!
Trog accepts your kill.
* * * LOW HITPOINT WARNING * * *
You feel extremely sick. Lodul closely misses you.
Your Armour skill increases to level 3!
* * * LOW HITPOINT WARNING * * *
You feel extremely sick. Lodul misses you.
Things that are here:
a +0 giant spiked club; an ogre corpse
As you read the scroll of teleportation, it crumbles to dust.
You feel strangely unstable.
You die...

...##........# #...~S≈≈
....#........# #...S~≈≈
..⌠..........#####.†..~~.
.........†..........).~~.
#..........†.........~.
####...)))......)......
#...).....[.........
#...####..###.....##
#.)@# #..# ####### #.)O#
#.<# #..)# #..#
#.........# #.........#
............
......./..>..
..<............
................


You could see Lodul.

Vanquished Creatures
  A centaur warrior (D:10)
  A two-headed ogre (D:9)
  An ugly thing (D:11)
  Maggie (D:8)
  A komodo dragon (D:10)
  4 trolls
  Prince Ribbit (D:8)
  Sigmund (D:3)
  14 yaks
  A shadow (D:9)
  A vampire (D:9)
  Grum (D:8)
  2 steam dragons
  2 vampire mosquitoes (D:11)
  A sky beast (D:6)
  4 black bears
  5 orc warriors
  4 wolves
  10 ogres
  5 centaurs
  A phantom (D:5)
  3 bullfrogs
  2 gnoll sergeants
  3 scorpions
  6 killer bees (D:8)
  6 howler monkeys
  A bombardier beetle (D:5)
  2 jellies
  4 orc priests
  9 hounds
  A sleepcap (D:4)
  6 orc wizards
  3 iguanas
  11 gnolls
  12 adders
  2 river rats (D:5)
  3 shadow imps (D:7)
  2 white imps
  7 worms
  2 dart slugs
  19 orcs
  3 bats
  7 endoplasms
  13 giant cockroaches
  7 hobgoblins
  7 quokkas
  9 ball pythons
  9 frilled lizards
  7 goblins
  8 kobolds
  9 rats
245 creatures vanquished.

Notes
Turn   | Place    | Note
-------+----------+-------------------------------------------
     0 | D:1      | dohliylev the Troll Berserker began the quest for the Orb.
     0 | D:1      | Reached XP level 1. HP: 22/22 MP: 0/0
   283 | D:1      | Reached XP level 2. HP: 29/29 MP: 1/1
   753 | D:2      | Reached XP level 3. HP: 33/36 MP: 2/2
   805 | D:2      | Reached ** piety under Trog
  1204 | D:2      | Reached XP level 4. HP: 44/45 MP: 3/3
  1328 | D:3      | Noticed Sigmund
  1336 | D:3      | Killed Sigmund
  1337 | D:3      | Reached skill level 5 in Unarmed Combat
  1337 | D:3      | Reached XP level 5. HP: 53/53 MP: 4/4
  1704 | D:3      | Identified the +1 short sword of Virghuvvuo {venom, Str+2}
  1777 | D:3      | Reached XP level 6. HP: 61/61 MP: 5/5
  2052 | D:4      | Reached skill level 6 in Unarmed Combat
  2146 | D:4      | Reached XP level 7. HP: 67/67 MP: 6/6
  2318 | D:4      | Reached skill level 1 in Throwing
  2375 | D:4      | Reached skill level 7 in Unarmed Combat
  2620 | D:5      | Entered Level 5 of the Dungeon
  2673 | D:5      | Reached *** piety under Trog
  2797 | D:5      | Reached skill level 8 in Unarmed Combat
  2797 | D:5      | Reached XP level 8. HP: 75/75 MP: 7/7
  2981 | D:5      | Found a glowing drain.
  3005 | Sewer    | Entered a sewer
  3040 | Sewer    | Reached skill level 9 in Unarmed Combat
  3196 | Sewer    | Found the +8 orange crystal plate armour {Archmagi, Int+3
                  | Clar}
  3375 | D:5      | Found a broken altar of Ashenzari.
  3600 | D:5      | Found a glowing silver altar of Zin.
  3667 | D:6      | Noticed a cyclops
  3668 | D:6      | Noticed a gargoyle
  3669 | D:6      | Found a transporter.
  3677 | D:6      | Found a snail-covered altar of Cheibriados.
  3691 | D:6      | Reached skill level 5 in Dodging
  3738 | D:6      | Found a transporter.
  3799 | D:6      | Found a radiant altar of Vehumet.
  3799 | D:6      | Found a bloodstained altar of Trog.
  3826 | D:6      | Reached skill level 10 in Unarmed Combat
  3826 | D:6      | Reached XP level 9. HP: 82/84 MP: 8/8
  4233 | D:7      | Found a staircase to the Ecumenical Temple.
  4324 | D:7      | Found a transporter.
  4397 | D:7      | Found a transporter.
  4553 | D:8      | Reached skill level 11 in Unarmed Combat
  4642 | D:8      | Noticed Grum
  4651 | D:8      | Killed Grum
  4652 | D:8      | Reached **** piety under Trog
  4763 | D:8      | Reached skill level 12 in Unarmed Combat
  4777 | D:8      | Reached XP level 10. HP: 92/92 MP: 9/9
  4806 | D:8      | Noticed Prince Ribbit
  4811 | D:8      | Found Tacips's Weapon Emporium.
  4813 | D:8      | Noticed Maggie
  4819 | D:8      | Killed Maggie
  4834 | D:8      | Killed Prince Ribbit
  5066 | D:9      | Noticed a two-headed ogre
  5076 | D:9      | Killed a two-headed ogre
  5077 | D:9      | Reached skill level 1 in Armour
  5077 | D:9      | Reached skill level 1 in Shields
  5177 | D:9      | Reached skill level 13 in Unarmed Combat
  5272 | D:9      | Found Dijapr Opho's Distillery.
  5709 | D:10     | Entered Level 10 of the Dungeon
  6036 | D:10     | Noticed a centaur warrior
  6052 | D:10     | Killed a centaur warrior
  6053 | D:10     | Reached skill level 14 in Unarmed Combat
  6053 | D:10     | Reached XP level 11. HP: 49/101 MP: 10/10
  6540 | D:11     | Found a staircase to the Lair.
  6671 | D:11     | Reached ***** piety under Trog
  6672 | D:11     | Identified the +0 leather armour of the Tundras {rCorr
                  | Int+2}
  6678 | D:11     | Noticed a green ugly thing
  6679 | D:11     | Noticed Lodul
  6686 | D:11     | Killed a green ugly thing
  6687 | D:11     | HP: 2/101 [poisoned by a green ugly thing]
  6688 | D:11     | Succumbed to a green ugly thing's poison

Illustrated notes

Levels and vault maps discovered:
D:1:      matt_arrival_los_fun, layout_rooms
D:2:      layout_basic
D:3:      layout_basic, small_statue_intersection, uniq_sigmund
D:4:      minmay_general_purpose_star, layout_cave_pools,
          serial_library_hellmonk_metal_room
D:5:      layout_basic, mainiacjoe_overflow_alcove_4, zin_scriptorium,
          portal_sewer_entry_a
D:6:      layout_cave_pools, gammafunk_temple_overflow_arena,
          jmf_multi_god_temple, minmay_statues_item
D:7:      gammafunk_cloud_chamber, layout_cave_pools,
          minmay_temple_entry_offerings
D:8:      layout_rooms, serial_shops, nicolae_shop_bloodbath_and_beyond,
          uniq_grum, uniq_maggie, uniq_prince_ribbit1
D:9:      layout_irregular_city, serial_shops, shop
D:10:     layout_loops_ring
D:11:     layout_small_grid, erik_lair_island, kiku_gazebo_pond_becter,
          uniq_lodul

Skill      XL: |  1  2  3  4  5  6  7  8  9 10 11 |
---------------+----------------------------------+-----
Fighting       | 3 4 |  4.6
Dodging        | 3 4 5 6 |  6.8
Unarmed Combat | 5 6 8 10 12 14 | 14.6
Throwing       | 1 |  1.7
Armour         | 2 3 |  3.0
Shields        | 3 |  3.9

Action                     |  1- 3 |  4- 6 |  7- 9 | 10-12 || total
---------------------------+-------+-------+-------+-------++-------
  Melee: Unarmed           |    87 |    70 |   293 |   208 ||   658
         Punch             |       |     1 |    12 |       ||    13
  Throw: Dart              |     3 |     4 |       |     4 ||    11
 Invoke: Berserk           |       |     3 |     4 |     5 ||    12
         Trog's Hand       |       |     2 |     1 |     3 ||     6
    Use: Scroll            |       |       |    12 |     1 ||    13
 Armour: Animal skin       |    33 |    21 |    91 |       ||   145
         Steam dragon scal |       |       |    13 |       ||    13
         Ice dragon scales |       |       |     3 |   129 ||   132
  Dodge: Dodged            |    49 |    57 |   257 |   203 ||   566
  Block: Kite shield       |       |       |     5 |    90 ||    95

Table legend: (Time is in decaauts)
 A = Elapsed time spent in this place.
 B = Non-inter-level travel time spent in this place.
 C = Inter-level travel time spent in this place.
 D = Time resting spent in this place.
 E = Time spent auto-exploring this place.
 F = Levels seen in this place.
 G = Mean time per level.
                   A        B        C        D        E       F      G
               +--------+--------+--------+--------+--------+-----+--------+
         Total |   6668 |   6533 |    135 |    478 |   4045 |  12 |  555.7 |
       Dungeon |   6428 |   6293 |    135 |    478 |   3972 |  11 |  584.4 |
         Sewer |    240 |    240 |      0 |      0 |     73 |   1 |  240.0 |
               +--------+--------+--------+--------+--------+-----+--------+

Top non-repeatable levels by time:
     D:5: 789 daAuts
    D:10: 765 daAuts
     D:2: 726 daAuts
     D:4: 694 daAuts
     D:9: 667 daAuts
     D:3: 612 daAuts
     D:1: 589 daAuts
     D:8: 543 daAuts
     D:6: 438 daAuts
     D:7: 396 daAuts
   Sewer: 240 daAuts
    D:11: 204 daAuts
